 Dungeon Crawl Stone Soup version 0.17-a0-1133-gfb1399f (webtiles) character file.

70 onwiheg the Slasher (level 4, 0/52 HPs)
             Began as a Formicid Fighter on May 25, 2015.
             Succumbed to a goblin's poison
             ... on level 2 of the Dungeon.
             The game lasted 00:04:31 (1517 turns).

onwiheg the Slasher (Formicid Fighter)              Turns: 1517, Time: 00:04:31

Health: 0/52       AC: 22    Str: 20    XL:     4   Next: 44%
Magic:  4/4        EV:  2    Int:  8    God:
Gold:   123        SH:  9    Dex: 11    Spells: 0 memorised, 3 levels left

rFire  . . .     SeeInvis .     a - +0 long sword
rCold  + . .     Clarity  .     (armour currently unavailable)
rNeg   + + +     SustAt   .     c - +0 shield
rPois  +         Gourm    .     (helmet unavailable)
rElec  .         Spirit   .     (cloak currently unavailable)
rCorr  .         Warding  .     (gloves currently unavailable)
rMut   .         Stasis   +     (boots currently unavailable)
MR     .....                    (no amulet)
Stlth  +.........               (no ring)
                                p - ring of protection from cold

@: lethally poisoned (0 -> -1), tree-form, not resistant to hostile
enchantments, very unstealthy
A: permanent stasis, dig shafts and tunnels, four strong arms, (antennae 0)
a: no special abilities


You were on level 2 of the Dungeon.
You were not hungry.
You were a tree.
You visited 1 branch of the dungeon, and saw 2 of its levels.

You collected 123 gold pieces.

Inventory:

Hand weapons
 a - a +0 long sword (weapon)
 r - a +1 dagger of venom
Armour
 b - a +0 scale mail (melded)
 c - a +0 shield (worn)
 f - a +0 cloak (melded)
Jewellery
 p - a ring of protection from cold (left branch)
Scrolls
 g - a scroll of random uselessness {unknown}
 h - a scroll of recharging {unknown}
 j - 2 scrolls of identify {unknown}
 l - a scroll of amnesia {unknown}
 n - 2 scrolls of remove curse {unknown}
 o - a scroll of enchant armour {unknown}
 q - a scroll of fog {unknown}
Potions
 d - a potion of might
Comestibles
 e - 2 bread rations
 m - a meat ration


   Skills:
 - Level 3.2 Fighting
 + Level 4.3 Long Blades
 - Level 3.2 Armour
 - Level 3.6 Shields


You had 3 spell levels left.
You didn't know any spells.

Dungeon Overview and Level Annotations

Branches:
Dungeon (2/15)

Altars:


Innate Abilities, Weirdness & Mutations

You are under a permanent stasis effect.
You can dig through walls and to a lower floor.
Your four strong arms can wield two-handed weapons with a shield.
((You have a pair of large antennae on your head (SInv).))


Message History

* * * LOW HITPOINT WARNING * * *
You feel sick.
Drink which item? (? for menu, Esc to quit)
It was a potion of lignification.
You turn into a tree.
Your +0 cloak melds into your body.
Your +0 scale mail melds into your body.
Your roots penetrate the ground.
You cannot move.
There is a lethal amount of poison in your body!
* * * LOW HITPOINT WARNING * * *
You feel sick.
* * * LOW HITPOINT WARNING * * *
You feel sick.
* * * LOW HITPOINT WARNING * * *
You feel sick.
Drink which item? (? for menu, Esc to quit)
It was a potion of cure mutation.
It has a very clean taste.
* * * LOW HITPOINT WARNING * * *
You feel sick.
You die...

#...#(......#
#..###(####... #
... #(†## .. #
##.#(# #. #..###
###.## #####.## #
#.....
####.....########.
# ................
..## #
####....♣#######
... #.....#####
#####.###
#...>.......
.........
#.....###### #.†..
#.....# #####
#...<.# # #.....#
# #.....# ###
###)### #####..


There were no monsters in sight!

Vanquished Creatures
  2 adders (D:2)
  2 worms (D:2)
  3 giant geckos (D:1)
  6 hobgoblins
  5 jackals (D:2)
  2 kobolds (D:1)
  A ball python (D:1)
  5 bats
  2 giant cockroaches
  2 giant newts (D:1)
  6 goblins
  9 rats
  4 toadstools (D:1)
49 creatures vanquished.

Vanquished Creatures (others)
  A jackal (D:2)
  3 toadstools (D:1)
4 creatures vanquished.

Grand Total: 53 creatures vanquished

Notes
Turn   | Place    | Note
--------------------------------------------------------------
     0 | D:1      | onwiheg the Formicid Fighter began the quest for the Orb.
     0 | D:1      | Reached XP level 1. HP: 18/18 MP: 1/1
   205 | D:1      | Reached XP level 2. HP: 18/24 MP: 2/2
   469 | D:1      | Reached XP level 3. HP: 29/29 MP: 3/3
  1105 | D:2      | Reached skill level 4 in Long Blades
  1105 | D:2      | Reached XP level 4. HP: 18/35 MP: 4/4
  1505 | D:2      | HP: 2/52 [poisoned by a goblin]
  1510 | D:2      | HP: 1/52 [poisoned by a goblin]
  1517 | D:2      | Succumbed to a goblin's poison

Vault maps used:
D:1:      nagdon_arrival_double_spiral
D:2:      first_bread, grunt_qazlal_clouds

Action                   |  1- 3 |  4- 6 || total
-------------------------+-------+-------++-------
Melee: Long sword        |   131 |    46 ||   177
 Abil: Dig               |     5 |     1 ||     6
  Use: Potion            |       |     2 ||     2
  Eat: Chunk             |     1 |     2 ||     3
